 Dungeon Crawl Stone Soup version 0.32-a0-433-g08bcfe7efd (webtiles) character file.

Game seed: 4375558569934138701

1562 Sobieck the Skirmisher (level 8, 0/56 HPs)
             Began as a Coglin Hunter on Feb 22, 2024.
             Was a Follower of Qazlal.
             Slain by a gnoll
             ... wielding a +0 heavy spear
             ... led by a gnoll bouda
              (7 damage)
             ... on level 6 of the Dungeon.
             The game lasted 00:09:49 (5646 turns).

Sobieck the Skirmisher (Coglin Hunter)              Turns: 5646, Time: 00:09:50

Health: 0/56       AC:  8    Str: 12    XL:     8   Next: 89%
Magic:  8/8        EV: 12    Int:  8    God:    Qazlal [*.....]
Gold:   116        SH:  1    Dex: 20    Spells: 7/7 levels left

rFire   + . .        y - +2 orcbow (heavy) {Synnove}
rCold   . . .        (shield currently unavailable)
rNeg    . . .        c - +0 leather armour
rPois   .            (no helmet)
rElec   .            (no cloak)
rCorr   .            (no gloves)
SInv    .            g - +0 pair of boots
Will    .....        (no amulet)
Stlth   ++           f - ring of protection from fire
HPRegen 0.29/turn    k - +4 ring of protection
MPRegen 0.11/turn

%: no passive effects
@: immotile, studying Long Blades, revved
A: off-hand wielding, slow wielding, warmup strikes, legs shutdown
a: Renounce Religion


You were on level 6 of the Dungeon.
You worshipped Qazlal.
Qazlal was aware of your devotion.
You visited 2 branches of the dungeon, and saw 7 of its levels.

You collected 286 gold pieces.
You spent 170 gold pieces at shops.

Inventory:

Hand Weapons
 a - a +0 shortbow {Fernanda}
 y - a +2 heavy orcbow (weapon) {Synnove}
Armour
 c - a +0 leather armour (worn)
 g - a +0 pair of boots (worn)
 j - a +1 pair of gloves
 t - a +0 pair of boots
Magical Staves
 v - a staff of conjuration
Jewellery
 f - a ring of protection from fire (left grasper)
 k - a +4 ring of protection (right grasper)
Wands
 P - a wand of paralysis (7)
Scrolls
 b - 3 scrolls of butterflies
 d - a scroll of torment
 i - a scroll of noise
 o - a scroll of immolation
 p - a scroll of fog
 q - a scroll of vulnerability
 R - 2 scrolls of identify
 T - a scroll of teleportation
Potions
 e - a potion of attraction
 h - a potion of brilliance
 l - 3 potions of mutation
 m - a potion of might {unknown}
 n - a potion of lignification
 r - a potion of ambrosia
 s - a potion of resistance
 u - a potion of curing {unknown}
 w - a potion of heal wounds {unknown}
 x - a potion of enlightenment {unknown}


   Skills:
 - Level 2.0 Fighting
 + Level 10.6 Ranged Weapons
 - Level 1.7 Dodging
 - Level 0.7 Stealth


You had 7 spell levels left.
You didn't know any spells.
Your spell library contained the following spells:

 Spells                   Type           Power      Damage    Failure   Level
 Magic Dart               Conj           0%         1d3       50%         1
 Blink                    Tloc           0%         N/A       63%         2
 Call Imp                 Summ           0%         N/A       63%         2


Dungeon Overview and Level Annotations

Branches:
Dungeon (6/15)             Temple (1/1) D:5

Altars:
Ashenzari
Elyvilon
Fedhas
Gozag
Hepliaklqana
Kikubaaqudgha
Makhleb
Nemelex Xobeh
Okawaru
Qazlal
Trog
Vehumet
Xom
Zin
The Shining One

Shops:
D:1 ?


Innate Abilities, Weirdness & Mutations

You can wield a second weapon in your off-hand.
It takes a long time for you to wield or remove held weapons.
Your first few attacks do less damage.
Attacking and casting redirects power from your legs.


Message History

Your attacks no longer feel as feeble.
The bullfrog hits you.
* * * LOW HITPOINT WARNING * * *
The gnoll attacks as it pursues you! The gnoll misses you.
The bullfrog hits you.
* * * LOW HITPOINT WARNING * * *
You shoot an arrow. The arrow hits the bullfrog!
The bullfrog is moderately wounded.
The bullfrog barely misses you. The gnoll barely misses you.
The bullfrog hits you but does no damage.
You shoot an arrow. The arrow barely misses the bullfrog.
The arrow closely misses the gnoll.
The arrow hits the gnoll!!
You kill the gnoll!
Qazlal accepts your kill.
The gnoll is no longer moving quickly.
The bullfrog hits you.
* * * LOW HITPOINT WARNING * * *
The gnoll hits you from afar with a +0 spear.
* * * LOW HITPOINT WARNING * * *
The bullfrog hits you but does no damage.
The gnoll closely misses you.
You shoot an arrow. The arrow barely misses the bullfrog.
The arrow completely misses the gnoll.
The arrow barely misses the gnoll.
The bullfrog misses you.
The bullfrog hits you but does no damage.
The gnoll hits you but does no damage.
The bullfrog hits you but does no damage.
You shoot an arrow. The arrow hits the bullfrog!
The bullfrog is almost dead.
The gnoll hits you from afar with a +0 spear.
* * * LOW HITPOINT WARNING * * *
The bullfrog closely misses you.
The gnoll hits you from afar with a +0 spear.
* * * LOW HITPOINT WARNING * * *
The bullfrog hits you but does no damage.
You shoot an arrow. The arrow hits the bullfrog!!
You kill the bullfrog!
Qazlal accepts your kill.
The gnoll throws a stone.
The stone hits you.
* * * LOW HITPOINT WARNING * * *
You shoot an arrow. The arrow hits the gnoll!!
You kill the gnoll!
Qazlal accepts your kill. The gnoll closely misses you.
You shoot an arrow. The arrow barely misses the gnoll.
The gnoll barely misses you.
You shoot an arrow. The arrow barely misses the gnoll.
You block the gnoll's attack.
You shoot an arrow. The arrow barely misses the gnoll.
The gnoll hits you from afar with a +0 heavy spear!
You die...

#..##..# ##....# #..[.#
######..#..##
############......##...#
.....[...##..#######<#>..#
## ####.....## #.###....
.# ####....#....#######.#
###.
.###....#######.@.g).##)#
.....#### ######.##.#
.##### #..g.# .# ####..#
.# #...# .# ... .# ... .#
$. .# .


You could see a gnoll.

Vanquished Creatures
  An orc warrior (D:6)
  A sky beast (D:3)
  An ogre (D:6)
  2 centaurs (D:5)
  A phantom (D:5)
  A bullfrog (D:6)
  A gnoll sergeant (D:5)
  3 scorpions
  2 bombardier beetles (D:5)
  2 hounds (D:5)
  2 jellies
  2 orc priests (D:6)
  3 iguanas (D:5)
  A sleepcap (D:5)
  A gnoll bouda (D:6)
  3 orc wizards
  7 gnolls
  7 adders
  2 white imps
  4 ufetubi
  A dart slug (D:3)
  13 orcs
  9 endoplasms
  3 giant cockroaches
  7 goblins
  9 hobgoblins
  4 jackals (D:3)
  4 quokkas
  9 ball pythons
  3 bats
  4 frilled lizards
  8 kobolds
  8 rats
129 creatures vanquished.

Vanquished Creatures (others)
  An orc wizard (D:5)
1 creature vanquished.

Grand Total: 130 creatures vanquished

Notes
Turn   | Place    | Note
-------+----------+-------------------------------------------
     0 | D:1      | Sobieck the Coglin Hunter began the quest for the Orb.
     0 | D:1      | Reached XP level 1. HP: 16/16 MP: 1/1
   166 | D:1      | Reached skill level 4 in Ranged Weapons
   166 | D:1      | Reached XP level 2. HP: 22/22 MP: 2/2
   577 | D:1      | Reached XP level 3. HP: 26/27 MP: 3/3
   706 | D:1      | Found Sextipn's Magic Scroll Shoppe.
   709 | D:1      | Bought a scroll of identify for 20 gold pieces
  1443 | D:2      | Reached skill level 5 in Ranged Weapons
  1444 | D:2      | Reached XP level 4. HP: 32/33 MP: 4/4
  1883 | D:1      | Bought a scroll of noise for 10 gold pieces
  2099 | D:3      | Noticed a sky beast
  2355 | D:3      | Killed a sky beast
  2356 | D:3      | Reached skill level 6 in Ranged Weapons
  2356 | D:3      | Reached XP level 5. HP: 24/38 MP: 5/5
  2867 | D:1      | Bought a scroll of immolation for 40 gold pieces
  2867 | D:1      | Bought a scroll of fog for 40 gold pieces
  2867 | D:1      | Bought a scroll of vulnerability for 40 gold pieces
  3282 | D:4      | Reached XP level 6. HP: 38/44 MP: 6/6
  3934 | D:1      | Bought a scroll of identify for 20 gold pieces
  4060 | D:5      | Entered Level 5 of the Dungeon
  4081 | D:5      | Found a staircase to the Ecumenical Temple.
  4107 | D:5      | Reached skill level 7 in Ranged Weapons
  4130 | Temple   | Entered the Ecumenical Temple
  4206 | Temple   | Became a worshipper of Qazlal Stormbringer
  4234 | D:5      | Reached XP level 7. HP: 47/50 MP: 7/7
  4381 | D:5      | Reached skill level 8 in Ranged Weapons
  4612 | D:5      | Found a hazy altar of Hepliaklqana.
  4613 | D:5      | Found a shimmering altar of Xom.
  4614 | D:5      | Noticed a spectral ugly thing
  5028 | D:5      | Reached XP level 8. HP: 47/56 MP: 8/8
  5124 | D:5      | Reached skill level 9 in Ranged Weapons
  5319 | D:5      | Reached * piety under Qazlal
  5540 | D:6      | Reached skill level 10 in Ranged Weapons
  5646 | D:6      | Slain by a gnoll

Illustrated notes

Levels and vault maps discovered:
D:1:      psy_arrival_statuary, layout_loops_corners, serial_shops,
          nicolae_shop_behind_doors
D:2:      layout_basic
D:3:      layout_rooms, kennysheep_generic_room_2
D:4:      layout_gridville
D:5:      layout_basic, regret_index_temple_of_mockery,
          minmay_temple_entry_stoned_glass, minmay_manual_mares
D:6:      layout_rooms, uniq_blork_the_orc
Temple:   nicolae_temple_bog_church

Skill      XL: |  1  2  3  4  5  6  7  8 |
---------------+-------------------------+-----
Ranged Weapons | 4 5 6 7 8 10 | 10.6
Fighting       | |  2.0
Dodging        | |  1.7
Stealth        | |  0.7

Action                     |  1- 3 |  4- 6 |  7- 9 || total
---------------------------+-------+-------+-------++-------
   Fire: Shortbow          |   124 |   233 |   142 ||   499
         Orcbow            |       |       |    48 ||    48
    Use: Scroll            |     2 |     8 |     1 ||    11
 Armour: Leather armour    |    21 |   122 |   100 ||   243
  Dodge: Dodged            |    36 |   127 |    79 ||   242
  Block: Other             |       |       |     1 ||     1

Table legend: (Time is in decaauts)
 A = Elapsed time spent in this place.
 B = Non-inter-level travel time spent in this place.
 C = Inter-level travel time spent in this place.
 D = Time resting spent in this place.
 E = Time spent auto-exploring this place.
 F = Levels seen in this place.
 G = Mean time per level.
                   A        B        C        D        E       F      G
               +--------+--------+--------+--------+--------+-----+--------+
         Total |   5743 |   5068 |    675 |    400 |   3634 |   7 |  820.4 |
       Dungeon |   5657 |   4989 |    668 |    400 |   3634 |   6 |  942.8 |
        Temple |     86 |     79 |      7 |      0 |      0 |   1 |   86.0 |
               +--------+--------+--------+--------+--------+-----+--------+

Top non-repeatable levels by time:
     D:5: 1357 daAuts
     D:1: 1229 daAuts
     D:2: 1104 daAuts
     D:4: 919 daAuts
     D:3: 870 daAuts
     D:6: 176 daAuts
  Temple: 86 daAuts
